 Dungeon Sprint DCSS version 0.31-a0-986-g5e6e4ef867 (webtiles) character file.

Game seed: 15468670470836460649

539 rocky1 the Martial Artist (level 7, -10/81 HPs)
             Began as a Djinni Shapeshifter on Nov 13, 2023.
             Was an Initiate of Gozag.
             Mangled by a human
             ... wielding a +0 hand axe
              (13 damage)
             ... in the Dungeon (Sprint III: "The Ten Rune Challenge").
             The game lasted 00:04:02 (1047 turns).

rocky1 the Martial Artist (Djinni Shapeshifter)     Turns: 1047, Time: 00:04:03

Health: -10/81     AC:  2    Str: 13    XL:     7   Next: 51%
Gold:   432        EV: 13    Int: 12    God:    Gozag SH:  0 Dex: 14

rFire   + +          .
                       - Unarmed
rCold   x . .        (shield currently unavailable)
rNeg    . . .        k - +0 robe
rPois   ∞            (no helmet)
rElec   .            (no cloak)
rCorr   .            (no gloves)
SInv    .            (boots unavailable)
Will    .....        (no amulet) Stlth
                     (no ring)
HPRegen 0.33/turn    (no ring)
MPRegen 0.00/turn

%: no teleportation, infuse magic (-11 HP)
@: berserking, flux-form, flying, glowing, very quick
A: glow, contaminating, flying, sickness immunity, fire resistance 2, cold
vulnerability 1, float, innate caster, HP casting, extra vitality 1
a: Begin Untransformation, Renounce Religion, Potion Petition, Call Merchant,
Bribe Branch


You were in the Dungeon.
You worshipped Gozag.
Gozag was aware of your devotion.
You were something dangerously unstable.
You visited 1 branch You collected 432 gold pieces.

Inventory:

Armour
 a - a +0 animal skin
 k - a +0 robe (worn)
Talismans
 c - a beast talisman
 d - a flux talisman (active)
Wands
 b - a wand of polymorph (2)
 p - a wand of paralysis (3)
Scrolls
 i - a scroll of blinking
 j - a scroll of immolation
 n - a scroll of torment {unknown}
 o - a scroll of fear {unknown}
Potions
 e - 2 potions of curing
 f - 4 potions of mutation
 g - a potion of haste
 l - a potion of degeneration {unknown}
 m - a potion of attraction {unknown}


   Skills:
 * Level 5.1 Fighting
 + Level 4.3 Dodging
 * Level 11.7 Unarmed Combat
 + Level 7.2 Shapeshifting


You knew the following spells:

 Your Spells              Type           Power      Damage    Failure   Level
a - Foxfire               Conj/Fire      0%         2x1d4     32%         1
b - Static Discharge      Conj/Air       0%         3-3/arc   45%         2
c - Tukima's Dance        Hex            0%         N/A       69%         3
Your spell library was empty.

Dungeon Overview and Level Annotations

Branches:
Dungeon (1/1)

Altars:
Cheibriados
Dithmenos
Fedhas
Gozag
Hepliaklqana
Makhleb
Nemelex Xobeh
Okawaru
Qazlal
Ru
Trog
Uskayaw
Wu Jian
Xom
Yredelemnul
Jiyva
Lugonu


Innate Abilities, Weirdness & Mutations

You are something dangerously unstable.
You glow with magical radiation, making you easy to see and hit.
Foes you strike become dangerously contaminated with magical radiation.
You are flying.
You are incapable of wielding weapons or throwing items.
You are immune to sickness and miasma.
You are immune to poison.
Your flesh is very heat resistant. (rF++)
You are vulnerable to cold. (rC-)
You float through the air rather than walking.
You learn spells naturally, not from books.
Your magical power is your life essence.
You have superior vitality. (+4 MHP)


Message History

HP restored.
You reach down and open the door.
Found a hide-covered altar of Uskayaw and an iron altar of Okawaru.
A human comes into view.
Found a robe.
Found three altars.
The human shouts!
You hit the human.
The human begins to glow.
The human is lightly wounded.
You hear a shout!
A human comes into view. It is wielding a +0 hand axe.
The human hits you!
You punch the human!
The human glows dangerously bright.
The human is moderately wounded.
The human hits you!
You punch the human!
The human shudders as magic cascades through it.
The human twists and deforms.
The human is heavily wounded.
You hit the human.
The human begins to glow.
The human is lightly wounded.
The human hits you with a +0 hand axe!
You barely miss the human.
The human is lightly wounded.
The human hits you with a +0 hand axe!
* * * LOW HITPOINT WARNING * * *
You punch the human!
The human glows dangerously bright.
The human is moderately wounded.
The human closely misses you.
Okay, then.
Okay, then.
A red film seems to cover your vision as you go berserk!
You feel yourself moving faster!
You feel mighty! The human hits you with a +0 hand axe!!
* * * LOW HITPOINT WARNING * * *
Unknown command.
You barely miss the human.
The human is moderately wounded.
The human hits you with a +0 hand axe!
You die...
Your body crumbles into a pile of gold.

▓ ▓▓▓ #### ##.#
######## ...#####..#
#___#__# ....#..#..#
#p_ #._#
#..)#..#..###+#p###)##
##..##'#..#.....p....#
##†.###...'.⌠........#
#..####...#...######'#
#..###....#.⌠.#__#...#
...##.....#...#__#...#
...#......#)###__#...#
.##.#.....#)::#__#...+
. ####....#___#__'...#
▓ ▓▓▓▓▓▓▓▓▓▓▓▓▓▓▓▓▓


You could see 2 humans.

Vanquished Creatures
  A shadow (D)
  A spatial vortex (D)
  A water elemental (D)
  A necrophage (D)
  A jelly (D)
  Jessica (D)
  An arcanist (D)
  A necromancer (D)
  A human (D)
  A kobold demonologist (D)
  A phantom (D)
  An endoplasm (D)
  2 rats (D)
14 creatures vanquished.

Notes
Turn   | Place    | Note
-------+----------+-------------------------------------------
     0 | D        | rocky1 the Djinni Shapeshifter began the quest for the Orb.
     0 | D        | Reached XP level 1. HP: 17/17 MP: 0/0
    33 | D        | Noticed Jessica
    38 | D        | Killed Jessica
    39 | D        | Reached skill level 5 in Unarmed Combat
    39 | D        | Reached XP level 2. HP: 16/23 MP: 0/0
    39 | D        | Reached XP level 3. HP: 20/28 MP: 0/0
    39 | D        | Learned a level 1 spell: Foxfire
   113 | D        | Reached XP level 4. HP: 18/34 MP: 0/0
   138 | D        | Noticed a water elemental
   144 | D        | Killed a water elemental
   145 | D        | Reached skill level 7 in Unarmed Combat
   145 | D        | Reached skill level 5 in Shapeshifting
   145 | D        | Reached XP level 5. HP: 9/40 MP: 0/0
   145 | D        | Learned a level 2 spell: Static Discharge
   394 | D        | Noticed a shadow
   400 | D        | Killed a shadow
   401 | D        | Reached skill level 9 in Unarmed Combat
   401 | D        | Reached XP level 6. HP: 32/48 MP: 0/0
   453 | D        | Found a blossoming altar of Fedhas.
   453 | D        | Found a stormy altar of Qazlal.
   453 | D        | Found a snail-covered altar of Cheibriados.
   453 | D        | Found a burning altar of Makhleb.
   453 | D        | Found a shimmering altar of Xom.
   454 | D        | Found a hazy altar of Hepliaklqana.
   454 | D        | Found an opulent altar of Gozag.
   454 | D        | Found a sparkling altar of Nemelex Xobeh.
   454 | D        | Found a corrupted altar of Lugonu.
   454 | D        | Found a viscous altar of Jiyva.
   454 | D        | Noticed a spatial vortex
   460 | D        | Became a worshipper of Gozag Ym Sagoz the Greedy
   653 | D        | Killed a spatial vortex
   654 | D        | Reached skill level 11 in Unarmed Combat
   654 | D        | Reached XP level 7. HP: 20/53 MP: 0/0
   654 | D        | Learned a level 3 spell: Tukima's Dance
   789 | D        | Reached skill level 5 in Fighting
   934 | D        | Found a basalt altar of Yredelemnul.
   934 | D        | Found a shadowy altar of Dithmenos.
   934 | D        | Found a sacrificial altar of Ru.
  1035 | D        | Found a hide-covered altar of Uskayaw.
  1035 | D        | Found an iron altar of Okawaru.
  1038 | D        | Found a bloodstained altar of Trog.
  1038 | D        | Found an ornate altar of the Wu Jian Council.
  1038 | D        | Noticed a human
  1040 | D        | Noticed a human
  1046 | D        | HP: 2/81 [human/+0 hand axe (20)]
  1047 | D        | Mangled by a human

Illustrated notes

Levels and vault maps discovered:
D:        dungeon_sprint_mu [sprint_mu_entry_cave, sprint_mu_temple_rooms,
          sprint_mu_d1_horrors, sprint_mu_d2_genie, sprint_mu_d3_branching,
          sprint_mu_orc_legion, sprint_mu_elf_gauntlet, sprint_mu_hive_nellie,
          sprint_mu_lair_fedhas, sprint_mu_vaults_butterflies,
          sprint_mu_slime_circle, sprint_mu_shoals_kraken,
          sprint_mu_snake_twists, sprint_mu_blade_basic, sprint_mu_crypt_lich,
          sprint_mu_tomb_spiral, sprint_mu_vestibule_basic,
          sprint_mu_gehenna_hellfire, sprint_mu_dis_giant,
          sprint_mu_tartarus_statrot, sprint_mu_cocytus_islands, sprint_mu_zot1]

Skill      XL: |  1  2  3  4  5  6  7 |
---------------+----------------------+-----
Shapeshifting  | 4 5 6 7 |  7.2
Fighting       | 2 3 4 5 |  5.1
Unarmed Combat | 5 7 9 11 | 11.7
Dodging        | 3 4 |  4.3

Action                     |  1- 3 |  4- 6 |  7- 9 || total
---------------------------+-------+-------+-------++-------
  Melee: Unarmed           |    22 |    27 |    19 ||    68
         Punch             |       |     1 |       ||     1
    Use: Potion            |     1 |     1 |     1 ||     3
         Scroll            |       |     2 |       ||     2
   Stab: Sleeping          |     1 |       |       ||     1
 Armour: Animal skin       |    11 |     5 |       ||    16
         Skin              |       |     4 |       ||     4
         Robe              |       |       |     9 ||     9
  Dodge: Dodged            |     8 |     6 |     3 ||    17
   Form: Flux              |     1 |       |     1 ||     2
         Beast             |       |       |     1 ||     1

Table legend: (Time is in decaauts)
 A = Elapsed time spent in this place.
 B = Non-inter-level travel time spent in this place.
 C = Inter-level travel time spent in this place.
 D = Time resting spent in this place.
 E = Time spent auto-exploring this place.
 F = Levels seen in this place.
 G = Mean time per level.
                   A        B        C        D        E       F      G
               +--------+--------+--------+--------+--------+-----+--------+
         Total |   1037 |   1037 |      0 |    726 |      0 |   1 | 1037.0 |
       Dungeon |   1037 |   1037 |      0 |    726 |      0 |   1 | 1037.0 |
               +--------+--------+--------+--------+--------+-----+--------+

Top non-repeatable levels by time:
       D: 1037 daAuts
